 Dungeon Crawl Stone Soup version 0.21.1-1-g345015f (webtiles) character file.

539 zishaf the Carver (level 7, 0/82 HPs)
             Began as a Barachi Fighter on May 12, 2018.
             Slain by a howler monkey (2 damage)
             ... on level 4 of the Dungeon.
             The game lasted 00:07:24 (2953 turns).

zishaf the Carver (Barachi Fighter)                 Turns: 2953, Time: 00:07:25

Health: 0/82       AC: 26    Str: 19    XL:     7   Next: 26%
Magic:  7/7        EV:  2    Int:  9    God:
Gold:   254        SH:  9    Dex: 16    Spells: 6/6 levels left

rFire    . . .     SeeInvis .   a - +0 long sword
rCold    + . .     Gourm    .   c - +0 shield
rNeg     + + +     Faith    .   (armour currently unavailable)
rPois    +         Spirit   .   (helmet currently unavailable)
rElec    .         Reflect  .   (cloak currently unavailable)
rCorr    .         Harm     .   (gloves currently unavailable)
MR       .....     NoTele   +   (boots currently unavailable)
Stlth    ++........             (no amulet)
HPRegen  0.23/turn              o - ring of protection from cold
MPRegen  0.10/turn              v - +3 ring of protection

@: agile, tree-form
A: +LOS, swims
a: no special abilities


You were on level 4 of the Dungeon.
You were very hungry.
You were a tree.
You visited 1 branch of the dungeon, and saw 4 of its levels.

You collected 254 gold pieces.

Inventory:

Hand Weapons
 a - a +0 long sword (weapon)
Missiles
 n - 6 poisoned needles
 u - 7 curare-tipped needles
Armour
 b - a +0 scale mail (melded)
 c - a +0 shield (worn)
 s - a +2 pair of boots (melded)
Jewellery
 d - an uncursed ring of resist corrosion
 o - a ring of protection from cold (left branch)
 v - a +3 ring of protection (right branch)
Scrolls
 h - 5 scrolls of immolation
 i - 3 scrolls of remove curse {unknown}
 j - a scroll of enchant weapon {unknown}
 m - a scroll of fog {unknown}
 q - a scroll of enchant armour
 r - a scroll of teleportation {unknown}
Potions
 e - 2 potions of brilliance {unknown}
 g - 3 potions of haste {unknown}
 k - a potion of lignification
 p - a potion of curing
 w - a potion of berserk rage {unknown}
Books
 t - a book of Cantrips

   Spells                             Type                      Level
   a - Confusing Touch                Hexes                        1
   b - Animate Skeleton               Necromancy                   1
   c - Summon Small Mammal            Summoning                    1
   d - Apportation                    Translocation                1
Comestibles
 f - 5 rations


   Skills:
 * Level 4.6 Fighting
 - Level 8.1 Long Blades
 * Level 4.6 Armour
 + Level 1.4 Dodging
 - Level 3.2 Shields


You had 6 spell levels left.
You didn't know any spells.

Dungeon Overview and Level Annotations

Branches:
Dungeon (4/15)
 Temple: D:4-7

Altars:
Elyvilon
Okawaru


Innate Abilities, Weirdness & Mutations

Shadows flee at your approach. (+LOS)
You can swim through water.
((You cover ground slowly.))
((You can hop short distances.))


Message History

The orc hits you but does no damage.
You hit the orc.
The orc is moderately wounded.
You block the bullfrog's attack. The orc completely misses you.
You riposte.
You barely miss the orc.
The bullfrog hits you but does no damage.
The howler monkey completely misses you.
You riposte.
You hit the howler monkey but do no damage.
The howler monkey is moderately wounded.
You hit the orc.
You kill the orc!
You block the bullfrog's attack. You block the orc's attack.
The howler monkey hits you but does no damage.
You closely miss the orc.
You are ready to hop once more.
The bullfrog hits you.
* * * LOW HITPOINT WARNING * * *
You block the orc's attack. The howler monkey hits you.
You die...

.. ......###.#......##
######> .................'.
....$..###.....# #.#......##
...[....#.....# #.#...###..
........#.....###+#...#....
.## #.....?# #......#....
....##......######.)..# #....
...........)o.........# #....
........)).F♣.........# #....
###.....)##h..........###..).
#......##...............#'#
#......########...(.....)).
####..o. #............ #....
#.....##..... .....#
#.....##..... .......
###.......... ...o....
#......#...


You could see a bullfrog, a howler monkey and an orc.

Vanquished Creatures
  2 ogres (D:4)
  3 orc priests
  A bullfrog skeleton (D:4)
  3 orc wizards
  A worker ant (D:4)
  An iguana (D:4)
  3 adders (D:3)
  An ooze (D:4)
  A worm (D:3)
  A dart slug (D:2)
  A leopard gecko (D:3)
  14 orcs
  2 ball pythons
  9 bats
  6 giant cockroaches
  5 goblins
  4 hobgoblins
  2 quokkas
  3 frilled lizards
  8 kobolds
  A quokka skeleton (D:4)
  7 rats
79 creatures vanquished.

Notes
Turn   | Place    | Note
-------+----------+-------------------------------------------
     0 | D:1      | zishaf the Barachi Fighter began the quest for the Orb.
     0 | D:1      | Reached XP level 1. HP: 18/18 MP: 1/1
   264 | D:1      | Reached skill level 3 in Long Blades
   277 | D:1      | Reached XP level 2. HP: 24/24 MP: 2/2
   656 | D:2      | Found an iron altar of Okawaru.
   826 | D:2      | Reached skill level 4 in Long Blades
  1010 | D:2      | Reached XP level 3. HP: 29/29 MP: 3/3
  1631 | D:3      | Reached skill level 5 in Long Blades
  1654 | D:3      | Reached XP level 4. HP: 36/36 MP: 4/4
  1695 | D:3      | Reached skill level 6 in Long Blades
  1695 | D:3      | Reached XP level 5. HP: 12/41 MP: 5/5
  2136 | D:3      | Found a white marble altar of Elyvilon.
  2394 | D:4      | Noticed an ogre
  2477 | D:4      | Killed an ogre
  2477 | D:4      | Reached skill level 7 in Long Blades
  2477 | D:4      | Reached XP level 6. HP: 40/47 MP: 6/6
  2626 | D:4      | Reached skill level 8 in Long Blades
  2928 | D:4      | Reached skill level 1 in Dodging
  2928 | D:4      | Reached XP level 7. HP: 21/54 MP: 7/7
  2933 | D:4      | HP: 2/54 [ogre/giant club (8)]
  2949 | D:4      | HP: 4/81 [orc/dagger (2)]
  2953 | D:4      | Slain by a howler monkey

Skill      XL: |  1  2  3  4  5  6 |
---------------+-------------------+-----
Long Blades    | 3 4 5 6 7 8 |  8.1
Fighting       | 4 |  4.6
Armour         | 4 |  4.6
Dodging        | 1 |  1.4
Shields        | |  3.2

Action                   |  1- 3 |  4- 6 |  7- 9 || total
-------------------------+-------+-------+-------++-------
Melee: Long sword        |   121 |   132 |    22 ||   275
 Abil: Hop               |       |       |     1 ||     1
  Use: Scroll            |     2 |     2 |       ||     4
       Potion            |       |     2 |     2 ||     4
  Eat: Chunk             |     3 |     4 |       ||     7
Armor: Scale mail        |    67 |    89 |     2 ||   158
       Skin              |       |       |    38 ||    38
Dodge: Dodged            |    29 |    55 |     7 ||    91
Block: Shield            |    60 |    77 |    25 ||   162
       Rpst.: Long sword |    11 |    20 |     2 ||    33
